 Dungeon Crawl Stone Soup version 0.28.0-43-g3370ac3207 (webtiles) character file.

Game seed: 17167349048533521172

105 Ablot the Grasshopper (level 4, -1/38 HPs)
             Began as a Gnoll Warper on Mar 22, 2022.
             Slain by Sigmund
             ... wielding a +0 scythe
              (4 damage)
             ... on level 2 of the Dungeon.
             The game lasted 00:02:54 (2966 turns).

Ablot the Grasshopper (Gnoll Warper)                Turns: 2966, Time: 00:02:54

Health: -1/38      AC:  8    Str: 12    XL:     4   Next: 81%
Magic:  11/11      EV: 13    Int: 12    God:
Gold:   76         SH:  0    Dex: 12    Spells: 11/13 levels left

rFire   + . .      SeeInvis .   a - +0 spear
rCold   . . .      Faith    .   (no shield)
rNeg    . . .      Spirit   .   m - +2 robe {rF+}
rPois   .          Reflect  .   (no helmet)
rElec   .          Harm     .   (no cloak)
rCorr   .          Rampage  .   (no gloves)
Will    .....                   (no boots)
Stlth   +.........              (no amulet)
HPRegen 0.12/turn               e - +4 ring of protection
MPRegen 0.12/turn               (no ring)

@: confused
A: fangs 1, strong nose, distributed training
a: no special abilities


You were on level 2 of the Dungeon.
You visited 1 branch of the dungeon, and saw 3 of its levels.

You collected 76 gold pieces.

Inventory:

Hand Weapons
 a - a +0 spear (weapon)
 w - a +0 long sword of holy wrath
Missiles
 d - 5 boomerangs of dispersal
 f - 65 stones (quivered)
 l - 21 arrows
Armour
 m - a +2 robe of fire resistance (worn)
Jewellery
 e - a +4 ring of protection (left hand)
Scrolls
 b - a scroll of vulnerability {unknown}
 c - a scroll of blinking
 j - a scroll of magic mapping {unknown}
 n - 3 scrolls of identify {unknown}
 o - a scroll of teleportation {unknown}
Potions
 g - a potion of lignification {unknown}
 h - a potion of attraction {unknown}
 i - a potion of degeneration {unknown}
 k - a potion of curing


   Skills:
 + Level 4.7 Fighting
 + Level 1.2 Short Blades
 + Level 1.2 Long Blades
 + Level 1.2 Axes
 + Level 1.2 Maces & Flails
 + Level 4.7 Polearms
 + Level 1.2 Staves
 + Level 1.2 Slings
 + Level 1.2 Bows
 + Level 1.2 Crossbows
 + Level 2.8 Throwing
 + Level 2.8 Armour
 + Level 4.7 Dodging
 + Level 1.2 Stealth
 + Level 1.2 Shields
 + Level 1.2 Unarmed Combat
 + Level 5.1 Spellcasting
 + Level 1.0 Conjurations
 + Level 1.0 Hexes
 + Level 1.0 Summonings
 + Level 1.0 Necromancy
 + Level 5.5 Translocations
 + Level 1.0 Transmutations
 + Level 1.0 Fire Magic
 + Level 1.0 Ice Magic
 + Level 1.0 Air Magic
 + Level 1.0 Earth Magic
 + Level 1.0 Poison Magic
 + Level 1.4 Invocations
 + Level 1.2 Evocations


You had 11 spell levels left.
You knew the following spells:

 Your Spells              Type           Power      Damage    Failure   Level
a - Blink                 Tloc           32%        N/A       3%          2

Your spell library contained the following spells:

 Spells                   Type           Power      Damage    Failure   Level
 Gell's Gravitas          Tloc           16%        N/A       6%          3
 Lesser Beckoning         Tloc           16%        N/A       6%          3
 Teleport Other           Tloc           16%        N/A       6%          3
 Manifold Assault         Tloc           16%        N/A       50%         5


Dungeon Overview and Level Annotations

Branches:
Dungeon (3/15)

Altars:
Ashenzari
Trog

Annotations:
D:2 1 runed translucent door, exclusion: door, Crazy Yiuf, Sigmund


Innate Abilities, Weirdness & Mutations

You have very sharp teeth.
Your uncanny sense of smell can sniff out nearby items.
Your experience applies equally to all skills.


Message History

You closely miss Sigmund. Your bite misses Sigmund.
Sigmund is heavily wounded.
Sigmund closely misses you.
You closely miss Sigmund.
Sigmund is heavily wounded.
You hit Sigmund. Your punch misses Sigmund.
Sigmund is severely wounded.
Sigmund points at you and mumbles some strange words.
The magic dart hits you but does no damage.
You closely miss Sigmund. Your bite misses Sigmund.
Sigmund is severely wounded.
Sigmund hits you with a +0 scythe!
* * * LOW HITPOINT WARNING * * *
You hit Sigmund but do no damage.
Sigmund is severely wounded.
You hit Sigmund but do no damage.
Sigmund is severely wounded.
Sigmund barely misses you.
You hit Sigmund but do no damage.
Sigmund is severely wounded.
You hit Sigmund. You bite Sigmund.
Sigmund is almost dead.
Sigmund barely misses you.
You barely miss Sigmund.
Sigmund is almost dead.
Sigmund closely misses you.
You hit Sigmund but do no damage.
Sigmund is almost dead.
You hit Sigmund.
Sigmund is almost dead.
Sigmund hits you with a +0 scythe.
* * * LOW HITPOINT WARNING * * *
You closely miss Sigmund.
Sigmund is almost dead.
You barely miss Sigmund. You bite Sigmund, but do no damage.
Sigmund is almost dead.
Sigmund gestures at you while chanting.
You are confused.
You bump into the rock wall.
Sigmund hits you with a +0 scythe.
You die...

.# .# (# ##
(###### #. (......
####. .......
#....
#.#####@......
#.##. #.....@# ###
#####.### ######.#
#.# #........ #.#
#.######....# #.#
#.........<.#
#.####.##........#
#.......####.....#
######..........^.
##..........#
#..........#


You could see Sigmund.

Vanquished Creatures
  Jessica (D:2)
  4 adders (D:2)
  A worm (D:2)
  A dart slug (D:1)
  5 bats
  5 endoplasms
  2 goblins
  4 hobgoblins
  3 ball pythons
  4 frilled lizards
  3 kobolds
  6 rats
39 creatures vanquished.

Notes
Turn   | Place    | Note
-------+----------+-------------------------------------------
     0 | D:1      | Ablot the Gnoll Warper began the quest for the Orb.
     0 | D:1      | Reached XP level 1. HP: 20/20 MP: 6/6
   275 | D:1      | Reached XP level 2. HP: 23/26 MP: 7/7
   278 | D:1      | Learned a level 2 spell: Blink
  1505 | D:2      | Reached skill level 5 in Spellcasting
  1505 | D:2      | Reached XP level 3. HP: 17/31 MP: 7/9
  1578 | D:2      | Reached skill level 1 in Invocations
  1808 | D:2      | Noticed Jessica
  1831 | D:2      | Reached skill level 1 in Short Blades
  1831 | D:2      | Reached skill level 1 in Long Blades
  1831 | D:2      | Reached skill level 1 in Axes
  1831 | D:2      | Reached skill level 1 in Maces & Flails
  1831 | D:2      | Reached skill level 1 in Staves
  1831 | D:2      | Reached skill level 1 in Slings
  1831 | D:2      | Reached skill level 1 in Bows
  1831 | D:2      | Reached skill level 1 in Crossbows
  1831 | D:2      | Reached skill level 1 in Stealth
  1831 | D:2      | Reached skill level 1 in Shields
  1831 | D:2      | Reached skill level 1 in Unarmed Combat
  1831 | D:2      | Reached skill level 1 in Evocations
  1841 | D:2      | Reached XP level 4. HP: 21/38 MP: 11/11
  1843 | D:2      | Killed Jessica
  1844 | D:2      | Reached skill level 1 in Conjurations
  1844 | D:2      | Reached skill level 1 in Hexes
  1844 | D:2      | Reached skill level 1 in Summonings
  1844 | D:2      | Reached skill level 1 in Necromancy
  1844 | D:2      | Reached skill level 1 in Transmutations
  1844 | D:2      | Reached skill level 1 in Fire Magic
  1844 | D:2      | Reached skill level 1 in Ice Magic
  1844 | D:2      | Reached skill level 1 in Air Magic
  1844 | D:2      | Reached skill level 1 in Earth Magic
  1844 | D:2      | Reached skill level 1 in Poison Magic
  2046 | D:2      | Noticed Sigmund
  2288 | D:3      | Found a broken altar of Ashenzari.
  2291 | D:3      | Found a bloodstained altar of Trog.
  2398 | D:2      | Found a runed translucent door.
  2399 | D:2      | Noticed Crazy Yiuf
  2966 | D:2      | Slain by Sigmund

Illustrated notes

Levels and vault maps discovered:
D:1:      kennysheep_arrival_forest, layout_basic, minmay_misc_feat_nine_boxes,
          nrook_uturn
D:2:      layout_basic, minmay_misc_feat_tiny, uniq_jessica,
          uniq_crazy_yiuf_cottage, uniq_sigmund
D:3:      layout_loops_ring, nicolae_overflow_hidden_temple

Skill      XL: |  1  2  3  4 |
---------------+-------------+-----
Spellcasting   | 5 |  5.1
Invocations    | 1 |  1.4
Short Blades   | 1 |  1.2
Long Blades    | 1 |  1.2
Axes           | 1 |  1.2
Maces & Flails | 1 |  1.2
Staves         | 1 |  1.2
Slings         | 1 |  1.2
Bows           | 1 |  1.2
Crossbows      | 1 |  1.2
Stealth        | 1 |  1.2
Shields        | 1 |  1.2
Unarmed Combat | 1 |  1.2
Evocations     | 1 |  1.2
Conjurations   | 1 |  1.0
Hexes          | 1 |  1.0
Summonings     | 1 |  1.0
Necromancy     | 1 |  1.0
Transmutations | 1 |  1.0
Fire Magic     | 1 |  1.0
Ice Magic      | 1 |  1.0
Air Magic      | 1 |  1.0
Earth Magic    | 1 |  1.0
Poison Magic   | 1 |  1.0
Fighting       | |  4.7
Polearms       | |  4.7
Throwing       | |  2.8
Armour         | |  2.8
Dodging        | |  4.7
Translocations | |  5.5

Action                   |  1- 3 |  4- 6 || total
-------------------------+-------+-------++-------
Melee: Spear             |   137 |    88 ||   225
       Bite              |    18 |     7 ||    25
       Punch             |       |     1 ||     1
Throw: Stone             |       |     7 ||     7
 Stab: Sleeping          |     1 |       ||     1
Armor: Leather armour    |    40 |       ||    40
       Robe              |       |    17 ||    17
Dodge: Dodged            |    58 |    32 ||    90
